 Dungeon Crawl Stone Soup version 0.25.1-2-g60ff931df9 (webtiles) character file.

Game seed: 806806997277680519

22682 nikku the Severer (level 12, 0/113 HPs)
             Began as a Minotaur Berserker on Aug 16, 2020.
             Was a High Priest of Trog.
             Engulfed by an ice statue's freezing vapour (5 damage)
             ... in an ice cave on Aug 17, 2020.
             The game lasted 00:44:24 (11729 turns).

nikku the Severer (Minotaur Berserker)             Turns: 11729, Time: 00:44:24

Health: 0/113      AC: 17    Str: 26    XL:     12   Next: 65%
Magic:  24/24      EV: 10    Int:  4    God:    Trog [*****.]
Gold:   850        SH:  5    Dex: 20    Spells: 11/11 levels left

rFire    + . .     SeeInvis .   w - +2 battleaxe (elec)
rCold    . . .     Gourm    .   (shield currently unavailable)
rNeg     . . .     Faith    .   D - +2 chain mail {rF+}
rPois    +         Spirit   .   (helmet restricted)
rElec    .         Reflect  +   s - +1 cloak
rCorr    .         Harm     .   (no gloves)
MR       +++++                  (no boots)
Stlth    ..........             G - amulet "Xeenihol" {Reflect *Contam rPois MR+ MP+9 SH+5}
HPRegen  1.28/turn              k - ring "Gucuseu" {rC- MR++ Dex+9 Stlth+}
MPRegen  0.19/turn              F - ring of ice

@: regenerating
A: retaliatory headbutt, horns 2, talons 1, fire resistance 1, magic resistance
1
a: Berserk, Trog's Hand, Brothers in Arms, Renounce Religion


You were in an ice cave.
You worshipped Trog.
Trog was extremely pleased with you.
You were hungry.

You visited 2 branches of the dungeon, and saw 13 of its levels.
You also visited: Ice Cave.

You collected 850 gold pieces.

Inventory:

Hand Weapons
 g - a +2 war axe of freezing
 w - a +2 battleaxe of electrocution (weapon)
 C - a +0 vorpal broad axe
Missiles
 m - 5 poisoned darts (quivered)
 I - 2 curare-tipped darts
Armour
 l - a +0 chain mail
 s - a +1 cloak (worn)
 u - a +0 plate armour
 D - a +2 chain mail of fire resistance (worn)
Jewellery
 i - an uncursed ring of stealth {unknown}
 k - the ring "Gucuseu" (left hand) {rC- MR++ Dex+9 Stlth+}
   (You found it on level 7 of the Dungeon)

   [ring of stealth]

   It affects your dexterity (+9).
   It makes you vulnerable to cold.
   It affects your resistance to hostile enchantments.
   It makes you more stealthy.
 n - an uncursed ring of see invisible {unknown}
 x - a +6 ring of intelligence
 F - a ring of ice (right hand)
 G - the amulet "Xeenihol" (around neck) {Reflect *Contam rPois MR+ MP+9 SH+5}
   (You acquired it on level 1 of the Lair of Beasts)

   [amulet of reflection]

   It shields you and reflects attacks.
   It protects you from poison.
   It affects your resistance to hostile enchantments.
   It affects your magic capacity (+9).
   It causes magical contamination when unequipped.
   It affects your SH (+5).
 J - the amulet of the Peasants {Reflect MP+9 Int+7 SH+5 Stlth-}
   (You found it on level 1 of the Lair of Beasts)

   [amulet of reflection]

   It shields you and reflects attacks.
   It affects your intelligence (+7).
   It affects your magic capacity (+9).
   It affects your SH (+5).
   It makes you less stealthy.
Wands
 v - a wand of polymorph (11)
 A - a wand of enslavement (17)
 E - a wand of disintegration (14)
Scrolls
 a - 3 scrolls of remove curse
 e - 4 scrolls of teleportation
 h - 3 scrolls of magic mapping
 r - 4 scrolls of blinking
 t - 3 scrolls of fog
 y - a scroll of identify
 K - a scroll of fear
Potions
 b - 6 potions of curing
 d - 2 potions of might
 f - a potion of ambrosia
 j - 4 potions of heal wounds
 o - 3 potions of lignification
 p - a potion of mutation
 q - 4 potions of flight
 z - a potion of resistance
Miscellaneous
 H - a phial of floods
Comestibles
 c - 20 rations


   Skills:
 + Level 12.5 Fighting
 * Level 16.2 Axes
 + Level 12.3 Armour
 - Level 2.6 Dodging
 + Level 6.1 Evocations


You had 11 spell levels left.
You didn't know any spells.
Your spell library was empty.

Dungeon Overview and Level Annotations

Branches:
Dungeon (11/15)            Temple (0/1) D:7            Lair (2/6) D:9
  IceCv (1/1)
  Swamp: Lair:2-4    Shoals: Lair:2-4     Snake: Lair:2-4    Spider: Lair:2-4
    Orc: D:9-12

Altars:
Ashenzari
Cheibriados
Dithmenos
Fedhas
Hepliaklqana
Kikubaaqudgha
Ru
Sif Muna
Trog
Uskayaw
Wu Jian
Yredelemnul
Zin

Portals:
Trove: D:10 (give +7 demon blade)

Annotations:
IceCv exclusion: 2 ice statues


Innate Abilities, Weirdness & Mutations

You reflexively headbutt those who attack you in melee.
You have a pair of horns on your head.
You have sharp toenails.
Your flesh is heat resistant. (rF+)
You are resistant to hostile enchantments. (MR+)


Message History

You slash the ice beast!
Lightning courses through the ice beast!
You hit the ice beast.
Lightning courses through the ice beast!
You kill the ice beast!
You slash the ice statue!
You are engulfed in freezing vapours.
* * * LOW HITPOINT WARNING * * *
You block the ice beast's attack. The ice beast barely misses you.
You furiously retaliate!
You headbutt the ice beast.
The ice statue gestures.
You are feeling hungry.
You barely miss the ice beast. Your headbutt misses the ice beast.
The ice beast is lightly wounded.
You hit the ice beast. You slash the ice statue!
You destroy the ice statue!
Trog accepts your kill.
The ice beast disappears in a puff of smoke!
Your life force feels restored.
You are engulfed in freezing vapours.
You die...

############# ######
##....8#[([..## ##.....
##......#[.....###......
#.....°.#.......#.......
.#.....Y°#.......#.......
u8Y....†°...........∩..∩.
.#......Y#.......#.......
#.....YY#.......#.......
##...§.@#[.....###......
##....°#.[...## ##.....
############# ######


You could see 2 ice statues and 5 ice beasts.

Vanquished Creatures
  Fannar (D:10)
  Harold (D:8)
  A hydra (Lair:1)
  Erica (D:9)
  A two-headed ogre (D:11)
  The ghost of Matius the Cleaver, a novice HOBe of Trog (D:9)
  The ghost of skk the Blocker, a novice DDFi of Okawaru (D:9)
  Nergalle (Lair:2)
  Pikel (D:8)
  An oklob plant (Lair:1)
  Maurice (D:9)
  A cyclops (D:11)
  An ice statue (IceCv)
  A centaur zombie (D:11)
  Joseph (D:8)
  2 spiny frogs
  A troll (D:10)
  2 slime creatures (D:5)
  4 hippogriffs
  5 blink frogs (Lair:1)
  2 vampires
  2 wyverns
  A spriggan (D:7)
  A wraith (D:11)
  A shadow (D:11)
  21 yaks
  4 humans (D:8)
  3 hungry ghosts
  Grum (D:8)
  Eustachio (D:6)
  Edmund (D:8)
  2 water moccasins (Lair:2)
  Purgy (D:3)
  3 orc warriors
  3 porcupines (Lair:1)
  2 black bears
  An eye of draining (D:10)
  A slave (D:8)
  A sky beast (D:5)
  11 ice beasts
  A necrophage (D:9)
  4 ogres
  2 phantoms
  3 wolves (D:8)
  11 centaurs
  Blork the orc (D:6)
  3 bullfrogs
  3 big kobolds
  4 scorpions
  A howler monkey (D:6)
  3 electric eels (Lair:1)
  A bullfrog zombie (D:5)
  5 crimson imps
  6 jellies
  2 centaur skeletons
  A bullfrog skeleton (D:11)
  8 orc wizards
  7 orc priests
  A hound (D:7)
  Ijyb (D:8)
  10 worker ants
  4 iguanas
  2 hound skeletons
  4 gnolls
  2 worker ant zombies (D:6)
  14 adders
  3 shadow imps
  12 white imps (Lair:2)
  4 oozes (D:5)
  An adder zombie (D:5)
  2 adder skeletons
  A worm (D:3)
  3 dart slugs (D:1)
  11 leopard geckos
  34 orcs
  21 giant cockroaches
  11 goblins
  9 hobgoblins
  12 jackals
  13 kobolds
  6 quokkas
  9 bats
  7 frilled lizards
  A leopard gecko zombie (D:8)
  A quokka skeleton (D:6)
  6 rats
  A plant (Lair:1)
364 creatures vanquished.

Vanquished Creatures (others)
  An ugly thing (IceCv)
  2 slaves (D:8)
  4 fungi (D:5)
  A plant (Lair:1)
  8 toadstools (D:5)
16 creatures vanquished.

Grand Total: 380 creatures vanquished

Notes
Turn   | Place    | Note
-------+----------+-------------------------------------------
     0 | D:1      | nikku the Minotaur Berserker began the quest for the Orb.
     0 | D:1      | Reached XP level 1. HP: 19/19 MP: 0/0
   410 | D:1      | Reached XP level 2. HP: 27/27 MP: 1/1
   552 | D:1      | Reached skill level 4 in Axes
   558 | D:1      | Reached XP level 3. HP: 22/33 MP: 2/2
  1045 | D:1      | Reached ** piety under Trog
  1332 | D:2      | Reached XP level 4. HP: 41/41 MP: 3/3
  1467 | D:2      | Found a shadowy altar of Dithmenos.
  1578 | D:2      | Found a snail-covered altar of Cheibriados.
  1904 | D:2      | Reached XP level 5. HP: 47/47 MP: 4/4
  1917 | D:2      | Found a hazy altar of Hepliaklqana.
  2082 | D:3      | Noticed Purgy
  2094 | D:3      | Killed Purgy
  2094 | D:3      | Reached skill level 5 in Fighting
  2094 | D:3      | Reached skill level 5 in Axes
  2359 | D:3      | Reached XP level 6. HP: 56/56 MP: 5/5
  2455 | D:3      | Found a hide-covered altar of Uskayaw.
  2482 | D:3      | Found a shattered altar of Ashenzari.
  2482 | D:3      | Found an ancient bone altar of Kikubaaqudgha.
  2484 | D:3      | Found a glowing silver altar of Zin.
  2485 | D:3      | Found an ornate altar of the Wu Jian Council.
  2486 | D:3      | Found a blossoming altar of Fedhas.
  2737 | D:3      | Reached *** piety under Trog
  3083 | D:4      | Reached skill level 5 in Armour
  3297 | D:4      | Found the +8 longbow "Zephyr" {speed, Dex+3 SInv}
  3319 | D:4      | Reached skill level 6 in Axes
  3725 | D:5      | Entered Level 5 of the Dungeon
  3725 | D:5      | Noticed a sky beast
  3728 | D:5      | Killed a sky beast
  3728 | D:5      | Reached XP level 7. HP: 63/63 MP: 6/6
  3875 | D:5      | Reached skill level 7 in Axes
  4540 | D:5      | Reached skill level 8 in Axes
  4594 | D:5      | Reached XP level 8. HP: 66/71 MP: 7/7
  4613 | D:5      | Noticed a slime creature
  4613 | D:5      | Noticed a slime creature
  4620 | D:5      | Killed a slime creature
  4621 | D:5      | Killed a slime creature
  4621 | D:5      | Reached skill level 9 in Axes
  4694 | D:6      | Found a blossoming altar of Fedhas.
  4729 | D:6      | Noticed Eustachio
  4744 | D:6      | Killed Eustachio
  4905 | D:6      | Reached skill level 10 in Axes
  4905 | D:6      | Reached XP level 9. HP: 51/81 MP: 8/8
  4920 | D:6      | Reached **** piety under Trog
  5025 | D:6      | Noticed Blork the orc
  5034 | D:6      | Killed Blork the orc
  5545 | D:7      | Found a staircase to the Ecumenical Temple.
  5558 | D:7      | Reached skill level 11 in Axes
  5976 | D:7      | Found a bloodstained altar of Trog.
  5983 | D:7      | Got a glittering tin ring
  5984 | D:7      | Identified the ring "Gucuseu" {rC- MR++ Dex+9 Stlth+} (You
                  | found it on level 7 of the Dungeon)
  6315 | D:7      | Found a hide-covered altar of Uskayaw.
  6435 | D:7      | Found a shimmering blue altar of Sif Muna.
  6775 | D:8      | Noticed Ijyb
  6776 | D:8      | Noticed Edmund
  6781 | D:8      | Reached skill level 12 in Axes
  6784 | D:8      | Reached XP level 10. HP: 91/91 MP: 9/9
  6795 | D:8      | Killed Ijyb
  6797 | D:8      | Killed Edmund
  6816 | D:8      | Reached skill level 10 in Fighting
  6902 | D:8      | Found a runed translucent door.
  6951 | D:8      | Found a sacrificial altar of Ru.
  7019 | D:8      | Noticed Grum
  7021 | D:8      | Noticed Joseph
  7028 | D:8      | Killed Grum
  7031 | D:8      | Reached skill level 13 in Axes
  7034 | D:8      | Killed Joseph
  7034 | D:8      | Reached skill level 1 in Evocations
  7038 | D:8      | Reached skill level 10 in Armour
  7060 | D:8      | Noticed Pikel
  7078 | D:8      | Killed Pikel
  7248 | D:8      | Noticed Harold
  7273 | D:8      | Killed Harold
  7380 | D:8      | Reached XP level 11. HP: 99/101 MP: 11/11
  7617 | D:8      | Found a basalt altar of Yredelemnul.
  7931 | D:9      | Found a staircase to the Lair.
  7931 | D:9      | Noticed Maurice
  7937 | D:9      | Killed Maurice
  8148 | D:9      | Reached skill level 14 in Axes
  8330 | D:9      | Noticed Erica
  8331 | D:9      | Reached ***** piety under Trog
  8345 | D:9      | Killed Erica
  8395 | D:9      | Got a faintly humming leather armour
  8406 | D:9      | Identified the +1 leather armour of Bitsodas {rElec rF+
                  | MR+} (You found it on level 9 of the Dungeon)
  8486 | D:9      | Found a runed translucent gate.
  8486 | D:9      | Found a runed translucent gate.
  8486 | D:9      | Found a runed translucent gate.
  8486 | D:9      | Noticed skk's ghost (novice DDFi)
  8487 | D:9      | Noticed Matius's ghost (novice HOBe)
  8501 | D:9      | Killed skk's ghost
  8505 | D:9      | Killed Matius's ghost
  8726 | D:10     | Entered Level 10 of the Dungeon
  8778 | D:10     | Found a portal to a secret trove of treasure.
  8974 | D:10     | Noticed Fannar
  8988 | D:10     | Killed Fannar
  9482 | D:11     | Reached skill level 15 in Axes
  9520 | D:11     | Noticed a two-headed ogre
  9529 | D:11     | Killed a two-headed ogre
  9632 | D:11     | Reached XP level 12. HP: 112/112 MP: 14/14
  9755 | D:11     | Reached skill level 5 in Evocations
  9866 | D:11     | Received a gift from Trog
  9973 | D:11     | Found an ornate altar of the Wu Jian Council.
 10357 | Lair:1   | Entered Level 1 of the Lair of Beasts
 10480 | Lair:1   | Got a clouded graven amulet
 10561 | Lair:1   | Noticed a seven-headed hydra
 10575 | Lair:1   | Killed a ten-headed hydra
 11340 | Lair:1   | Identified a scroll of acquirement
 11340 | Lair:1   | Acquired the amulet "Xeenihol" {Reflect *Contam rPois MR+
                  | MP+9 SH+5}
 11346 | Lair:1   | Identified the amulet of the Peasants {Reflect MP+9 Int+7
                  | SH+5 Stlth-} (You found it on level 1 of the Lair of
                  | Beasts)
 11347 | Lair:1   | Gained mutation: You tend to lose your temper in combat.
                  | [mutagenic glow]
 11349 | Lair:1   | Lost mutation: You tend to lose your temper in combat.
                  | [potion of mutation]
 11349 | Lair:1   | Gained mutation: Your flesh is heat resistant. (rF+)
                  | [potion of mutation]
 11349 | Lair:1   | Gained mutation: You are resistant to hostile enchantments.
                  | (MR+) [potion of mutation]
 11349 | Lair:1   | Gained mutation: You have sharp toenails. [potion of
                  | mutation]
 11454 | Lair:2   | Reached skill level 16 in Axes
 11475 | Lair:2   | Found a frozen archway.
 11477 | Lair:2   | Noticed Nergalle
 11483 | Lair:2   | Killed Nergalle
 11496 | IceCv    | Entered an ice cave
 11728 | IceCv    | HP: 4/113 [ice statue] (7)]
 11729 | IceCv    | Engulfed by an ice statue's freezing vapour

Illustrated notes

Levels and vault maps discovered:
D:1:      dpeg_arrival_orchard, layout_basic, hex_large, minmay_pentomino_s4
D:2:      layout_loops_ring, lemuel_crystal_altar, old_standard_altar,
          minmay_misc_feat_tiny, grunt_dithmenos_smoke_and_mirrors
D:3:      minmay_roachtagon, layout_basic, minitemple, corner_web_ring,
          uniq_purgy
D:4:      layout_cave_pods, first_ration
D:5:      cheibrodos_fertilizer, layout_basic
D:6:      layout_cave_pods, fedhas_altar_4, uniq_eustachio, uniq_blork_the_orc
D:7:      layout_loops_ring, minmay_temple_entry_statues_fountains,
          grunt_decor_one_mirror, hangedman_feature_mirror, the_bakery, tgw_sif
D:8:      erik_cavepeople, layout_basic, overflow_temple_1_default,
          nicolae_ru_sacrificial_ziggurat, minmay_misc_feat_five, uniq_grum,
          uniq_harold, uniq_pikel, uniq_joseph
D:9:      layout_rooms, lair_entry_dummy, gammafunk_ghost_cemetery,
          grunt_decor_arrowhead, uniq_erica, uniq_maurice
D:10:     layout_basic, enter_trove_0, uniq_fannar
D:11:     layout_irregular_city, basic_altar
Lair:1:   layout_gridlike, gauntlet_entry_generic, minmay_lair_oklob_chamber
Lair:2:   layout_regular_city, portal_ice_cave_entry_imps,
          grunt_forest_large_clearings, lemuel_fruit_fields,
          lemuel_fruit_fields, uniq_nergalle
IceCv:    ice_cave_statue_garden_chambered

Skill      XL: |  1  2  3  4  5  6  7  8  9 10 11 12 |
---------------+-------------------------------------+-----
Fighting       | 4 5 6 8 9 10 11 12 | 12.5
Axes           | 4 5 6 8 10 12 13 15 16 | 16.2
Armour         | 3 4 5 6 7 9 10 11 12 | 12.3
Evocations     | 2 4 6 |  6.1
Dodging        | |  2.6

Action                   |  1- 3 |  4- 6 |  7- 9 | 10-12 || total
-------------------------+-------+-------+-------+-------++-------
Melee: Hand axe          |    77 |    46 |       |       ||   123
       Headbutt          |    10 |    16 |    40 |    97 ||   163
       War axe           |       |    78 |   187 |    73 ||   338
       Battleaxe         |       |       |       |   265 ||   265
       Kick              |       |       |       |     8 ||     8
Throw: Dart              |       |       |    33 |    22 ||    55
Invok: Berserk           |     1 |     3 |     5 |     7 ||    16
       Trog's Hand       |       |     3 |     7 |    12 ||    22
Evoke: Wand              |       |       |       |    18 ||    18
  Use: Scroll            |     3 |     5 |     7 |    10 ||    25
       Potion            |       |       |       |     5 ||     5
  Eat: Chunk             |     1 |    13 |    13 |    30 ||    57
       Ration            |       |       |     1 |       ||     1
Armor: Animal skin       |    11 |       |       |       ||    11
       Scale mail        |    10 |    52 |    31 |       ||    93
       Chain mail        |       |       |    35 |   131 ||   166
       Plate armour      |       |       |       |     2 ||     2
Dodge: Dodged            |    55 |    66 |    59 |   147 ||   327
Block: Other             |       |       |       |    13 ||    13
       Reflection        |       |       |       |     1 ||     1
